 Dungeon Crawl Stone Soup version 0.31-a0-435-g2c6fae2916 (webtiles) character file.

Game seed: 6902186118884379304

213 Ethylacetat the Changeling (level 5, 0/35 HPs)
             Began as an Octopode Shapeshifter on Aug 1, 2023.
             Slain by a goblin
             ... wielding a +0 dagger
             ... led by Robin
              (3 damage)
             ... on level 3 of the Dungeon.
             The game lasted 00:03:52 (2258 turns).

Ethylacetat the Changeling (Octopode Shapeshifter)  Turns: 2258, Time: 00:03:53

Health: 0/35       AC:  1    Str: 12 (15) XL:     5   Next: 90%
Magic:  5/5        EV: 13    Int:  9 (10) God:
Gold:   108        SH:  0    Dex: 13 (14) Spells: 4/4 levels left

rFire   . . .        o - +2 dagger (drain)
rCold   . . .        (no shield)
rNeg    . . .        (helmet currently unavailable)
rPois   .            (no amulet)
rElec   .            (no ring)
rCorr   .            (no ring)
SInv    .            (no ring)
Will    .....        (no ring)
Stlth   ++           (no ring)
HPRegen 0.25/turn    (no ring)
MPRegen 0.09/turn    (no ring)
                     (no ring)

%: no passive effects
@: beast-form
A: beast (slay +3), almost no armour, amphibious, 8 rings, camouflage 1,
gelatinous body 1, (nimble swimmer 1), tentacles
a: Begin Untransformation


You were on level 3 of the Dungeon.
You were a hulking beast.
You visited 1 branch of the dungeon, and saw 3 of its levels.

You collected 108 gold pieces.

Inventory:

Hand Weapons
 o - a +2 dagger of draining (weapon)
Jewellery
 a - a +6 ring of strength
 m - an amulet of faith
Talismans
 b - a beast talisman (active)
Wands
 g - a wand of polymorph (4)
Scrolls
 c - 2 scrolls of poison {unknown}
 d - a scroll of enchant armour {unknown}
 e - 3 scrolls of identify {unknown}
 f - 2 scrolls of teleportation {unknown}
 i - a scroll of enchant weapon {unknown}
 j - 2 scrolls of noise {unknown}
 k - a scroll of revelation {unknown}
Potions
 h - a potion of resistance


   Skills:
 + Level 2.7 Fighting
 - Level 2.0 Dodging
 + Level 4.0 Unarmed Combat
 * Level 4.4 Shapeshifting


You had 4 spell levels left.
You didn't know any spells.
Your spell library contained the following spells:

 Spells                   Type           Power      Damage    Failure   Level
 Scorch                   Fire           0%         2d5       52%         2
 Flame Wave               Conj/Fire      0%         2d4       99%         4
 Summon Cactus Giant      Summ           0%         N/A       100%        6


Dungeon Overview and Level Annotations

Branches:
Dungeon (3/15)

Altars:

Shops:
D:2 =

Annotations:
D:3 3 runed translucent doors, Lexodia's ghost, weakling FeEn; grizmgrazm2's ghost, amateur DjSh


Innate Abilities, Weirdness & Mutations

You are a hulking beast.
Your limbs bulge with bestial killing power. (Slay +3)
You cannot wear most types of armour.
You are amphibious.
You can wear up to eight rings at the same time.
Your skin changes colour to match your surroundings (Stealth+).
Your rubbery body absorbs attacks. (AC +1, EV +1)
((You are camouflaged when in or above water. (Stealth+)))
You have tentacles for arms and can constrict up to eight enemies at once.


Message History

Things that are here:
a +0 club; a +0 dagger; a goblin corpse The goblin shoots a sling bullet.
The sling bullet hits you.
* * * LOW HITPOINT WARNING * * *
It was a potion of curing.
You feel better.
The goblin shoots a sling bullet.
The sling bullet barely misses you.
You are too injured to fight recklessly!
You are too injured to fight recklessly!
There are no items here.
It was a potion of degeneration.
There was something very wrong with that liquid.
You feel weakened.
You feel dopey.
You feel clumsy.
The goblin shoots a sling bullet.
The sling bullet closely misses you.
The goblin shoots a sling bullet.
The sling bullet closely misses you.
Things that are here:
a +0 club; a +0 dagger; a goblin corpse The goblin shoots a sling bullet.
The sling bullet misses you.
Things that are here:
a +0 dagger; a goblin corpse The goblin no longer looks unusually strong.
The goblin shoots a sling bullet.
The sling bullet closely misses you.
Things that are here:
a +0 club; a hobgoblin corpse; a goblin corpse The goblin no longer looks unusually strong.
The goblin unwields a +0 sling.
The goblin wields a +0 club.
The goblin hits you with a +0 club.
* * * LOW HITPOINT WARNING * * *
Items here: ) [[ †.
You closely miss the goblin. You grab the goblin. You constrict the goblin.
The goblin hits you with a +0 club.
* * * LOW HITPOINT WARNING * * *
You hit the goblin.
You kill the goblin!
The goblin no longer looks unusually strong.
You barely miss the goblin. Your grab misses the goblin.
The goblin hits you with a +0 dagger.
* * * LOW HITPOINT WARNING * * *
You barely miss the goblin. Your grab misses the goblin.
Your squeeze misses the goblin. The goblin hits you with a +0 dagger.
You die...

######
#.#####.......# #.#
#.......# #.# #.#
##.## ##...##
#.....###
#.......######.##..
#.....#.)))hgg....#
##...#########.####
#####


You could see 2 goblins.

Vanquished Creatures
  2 orc priests (D:2)
  An orc wizard (D:2)
  Robin (D:3)
  4 adders
  4 worms (D:2)
  A dart slug (D:2)
  2 orcs (D:2)
  5 endoplasms
  A giant cockroach (D:1)
  12 goblins
  10 hobgoblins
  3 quokkas
  3 ball pythons
  4 bats (D:2)
  4 frilled lizards
  4 kobolds (D:2)
  9 rats
70 creatures vanquished.

Notes
Turn   | Place    | Note
-------+----------+-------------------------------------------
     0 | D:1      | Ethylacetat the Octopode Shapeshifter began the quest for
                  | the Orb.
     0 | D:1      | Reached XP level 1. HP: 13/13 MP: 1/1
   187 | D:1      | Reached XP level 2. HP: 4/18 MP: 2/2
   609 | D:1      | Reached XP level 3. HP: 23/23 MP: 3/3
  1226 | D:2      | Found Viosel's Jewellery Shop.
  1264 | D:2      | Reached XP level 4. HP: 16/29 MP: 4/4
  1467 | D:2      | HP: 1/43 [orc priest/divine providence (13)]
  1472 | D:2      | Reached XP level 5. HP: 3/35 MP: 5/5
  2204 | D:3      | Found a runed translucent gate.
  2205 | D:3      | Found a runed translucent gate.
  2206 | D:3      | Found a runed translucent gate.
  2207 | D:3      | Noticed Lexodia's ghost (weakling FeEn)
  2208 | D:3      | Noticed grizmgrazm2's ghost (amateur DjSh)
  2226 | D:3      | Noticed Robin
  2244 | D:3      | Killed Robin
  2248 | D:3      | HP: 1/35 [goblin/sling bullet[Robin] (6)]
  2258 | D:3      | Slain by a goblin

Illustrated notes

Levels and vault maps discovered:
D:1:      amcnicky_arrival_flooded_fountain, layout_loops_ring
D:2:      layout_loops_corners, serial_shops, shop, minmay_statues_item,
          minmay_increasing_density
D:3:      layout_loops_cross, gammafunk_ghost_cemetery, uniq_robin

Skill      XL: |  1  2  3  4  5 |
---------------+----------------+-----
Fighting       | 2 |  2.7
Shapeshifting  | 4 |  4.4
Unarmed Combat | 4 |  4.0
Dodging        | |  2.0

Action                     |  1- 3 |  4- 6 || total
---------------------------+-------+-------++-------
  Melee: Unarmed           |    70 |    57 ||   127
         Constrict         |    14 |    16 ||    30
         Tentacles         |    12 |     9 ||    21
         Punch             |     1 |     2 ||     3
         Dagger            |       |    10 ||    10
    Use: Potion            |       |     4 ||     4
   Stab: Sleeping          |    10 |     2 ||    12
 Armour: Skin              |     3 |    25 ||    28
  Dodge: Dodged            |    24 |    31 ||    55

Table legend: (Time is in decaauts)
 A = Elapsed time spent in this place.
 B = Non-inter-level travel time spent in this place.
 C = Inter-level travel time spent in this place.
 D = Time resting spent in this place.
 E = Time spent auto-exploring this place.
 F = Levels seen in this place.
 G = Mean time per level.
                   A        B        C        D        E       F      G
               +--------+--------+--------+--------+--------+-----+--------+
         Total |   2248 |   2204 |     44 |    125 |   1686 |   3 |  749.3 |
       Dungeon |   2248 |   2204 |     44 |    125 |   1686 |   3 |  749.3 |
               +--------+--------+--------+--------+--------+-----+--------+

Top non-repeatable levels by time:
     D:2: 1277 daAuts
     D:1: 840 daAuts
     D:3: 130 daAuts
